 Dungeon Crawl Stone Soup version 0.20.0-15-g7f486f2 (webtiles) character file.

77 rezek the Conjurer (level 4, 0/25 HPs)
             Began as a Tengu Conjurer on June 26, 2017.
             Killed from afar by Sigmund (7 damage)
             ... with a magic dart
             ... on level 2 of the Dungeon.
             The game lasted 00:05:34 (1123 turns).

rezek the Conjurer (Tengu Conjurer)                 Turns: 1123, Time: 00:05:34

Health: 0/25       AC:  2    Str: 14    XL:     4   Next: 33%
Magic:  7/8        EV: 15    Int: 15    God:
Gold:   98         SH:  0    Dex: 15    Spells: 0/7 levels left

rFire    + . .     SeeInvis .   q - +0 quarterstaff
rCold    + . .     Gourm    .   (shield currently unavailable)
rNeg     . . .     Faith    .   a - +0 robe
rPois    +         Spirit   .   (helmet restricted)
rElec    +         Reflect  .   (no cloak)
rCorr    +         Harm     .   (no gloves)
MR       .....                  (boots unavailable)
Stlth    ++........             (no amulet)
Regen    0.1/turn               (no ring)
MPRegen  0.2/turn               (no ring)

@: mighty, resistant, flying quickly and evasively, quick
A: beak, talons 3
a: no special abilities


You were on level 2 of the Dungeon.
You were not hungry.

You visited 1 branch of the dungeon, and saw 2 of its levels.

You collected 98 gold pieces.

Inventory:

Hand Weapons
 q - a +0 quarterstaff (weapon)
Armour
 a - a +0 robe (worn)
Scrolls
 d - a scroll of fear {unknown}
 j - 3 scrolls of noise {unknown}
 l - 4 scrolls of teleportation {unknown}
 o - a scroll of recharging {unknown}
 r - a scroll of enchant armour {unknown}
Potions
 i - a potion of heal wounds {unknown}
 k - a potion of brilliance {unknown}
 n - a potion of degeneration {unknown}
Books
 b - a book of Conjurations

   Spells                             Type                      Level
   a - Magic Dart                     Conjuration                  1
   b - Searing Ray                    Conjuration                  2
   c - Dazzling Spray                 Conjuration/Hexes            3
   d - Fulminant Prism                Conjuration/Hexes            4
   e - Force Lance                    Conjuration/Translocation    4
   f - Iskenderun's Mystic Blast      Conjuration                  4
Comestibles
 c - 3 bread rations
 m - a meat ration
 p - 7 chunks of flesh


   Skills:
 + Level 1.1 Fighting
   Level 0.4 Short Blades
 - Level 2.1 Dodging
 - Level 2.0 Stealth
 + Level 2.4 Spellcasting
 + Level 6.8 Conjurations


You couldn't memorise any spells.
You knew the following spells:

 Your Spells              Type           Power        Failure   Level  Hunger
a - Magic Dart            Conj           ###.         1%          1    #......
b - Searing Ray           Conj           ###...       1%          2    ###....
c - Iskenderun's Mystic   Conj           ###.....     13%         4    #####..


Dungeon Overview and Level Annotations

Branches:
Dungeon (2/15)

Altars:

Annotations:
D:2 Sigmund


Innate Abilities, Weirdness & Mutations

You have a beak for a mouth.
You have claws for feet.


Message History

You feel very mighty all of a sudden. Sigmund asks, "Do you like me?"
Sigmund completely misses you.
It was a potion of resistance.
You feel protected.
Sigmund hits you from afar with a scythe!
* * * LOW HITPOINT WARNING * * *
Some of the chunks of flesh in your inventory have rotted away.
It was a potion of flight.
You feel very buoyant.
You swoop lightly up into the air.
Sigmund closely misses you.
You bump into the rock wall.
You bump into the rock wall.
Sigmund points at you and mumbles some strange words.
You resist with some effort.
You feel less confused.
Sigmund points at you and mumbles some strange words.
The magic dart hits you!
You die...

#.####)≈≈≈≈≈≈≈≈≈ ≈≈≈≈
#.####.≈♣♣♣≈≈≈♣ ≈.≈♣
#.##...≈♣ ♣≈.≈♣ ≈≈≈♣
#.##.#≈≈♣♣♣≈≈≈♣♣♣≈.≈♣
#....[.≈≈≈≈≈.≈≈≈≈≈≈≈≈
####.#.≈≈≈...≈...≈≈.≈
#.####.#.##...#...
#.# #).........## #@#
###.#####..## #.# #.#
#..## #@# #.# #....
#.# #.# #...# #.#
#.#####...# #.#
#.........# #..
#.......... ###
.#####.... ####.#.#


You could see Sigmund.

Vanquished Creatures
  2 adders (D:2)
  An ooze (D:2)
  2 worms (D:2)
  3 dart slugs
  4 goblins
  3 hobgoblins
  7 jackals (D:1)
  A quokka (D:2)
  2 ball pythons
  4 bats
  7 kobolds
  8 rats
44 creatures vanquished.

Notes
Turn   | Place    | Note
-------+----------+-------------------------------------------
     0 | D:1      | rezek the Tengu Conjurer began the quest for the Orb.
     0 | D:1      | Reached XP level 1. HP: 10/10 MP: 4/4
   135 | D:1      | Reached XP level 2. HP: 12/15 MP: 4/6
   151 | D:1      | Learned a level 2 spell: Searing Ray
   213 | D:1      | Reached skill level 6 in Conjurations
   341 | D:1      | Reached XP level 3. HP: 19/19 MP: 2/7
   735 | D:2      | Reached skill level 1 in Fighting
   782 | D:2      | Reached XP level 4. HP: 25/25 MP: 1/8
   958 | D:2      | Learned a level 4 spell: Iskenderun's Mystic Blast
  1110 | D:2      | Noticed Sigmund
  1123 | D:2      | Killed from afar by Sigmund

Skill      XL: |  1  2  3 |
---------------+----------+-----
Conjurations   | 6 |  6.8
Fighting       | 1 |  1.1
Short Blades   | |  0.4
Dodging        | |  2.1
Stealth        | |  2.0
Spellcasting   | |  2.4

Action                   |  1- 3 |  4- 6 || total
-------------------------+-------+-------++-------
Melee: Whip              |    15 |       ||    15
       Kick              |    10 |     7 ||    17
       Peck              |     5 |     6 ||    11
       Short sword       |    17 |    19 ||    36
       Quarterstaff      |       |    15 ||    15
 Cast: Magic Dart        |    28 |     1 ||    29
       Searing Ray       |     4 |     2 ||     6
  Use: Potion            |       |     4 ||     4
 Stab: Sleeping          |     1 |     1 ||     2
       Distracted        |       |     1 ||     1
  Eat: Chunk             |       |     2 ||     2
Armor: Robe              |     9 |     7 ||    16
Dodge: Dodged            |    39 |    32 ||    71
